 Dungeon Crawl Stone Soup version 0.28.0 (webtiles) character file.

Game seed: 1590436416459908718

839 HallandMoats the Skirmisher (level 7, -3/55 HPs)
             Began as a Demonspawn Fighter on Feb 7, 2022.
             Was an Initiate of Yredelemnul.
             Killed by divine providence
             ... invoked by an orc priest
              (12 damage)
             ... on level 5 of the Dungeon.
             The game lasted 00:05:15 (5108 turns).

HallandMoats the Skirmisher (Demonspawn Fighter)    Turns: 5108, Time: 00:05:16

Health: -3/55      AC: 14    Str: 23    XL:     7   Next: 67%
Magic:  7/7        EV: 12    Int:  9    God:    Yredelemnul [......]
Gold:   191        SH:  9    Dex: 16    Spells: 6/6 levels left

rFire   . . .      SeeInvis .   a - +0 war axe
rCold   . . .      Faith    .   c - +0 buckler
rNeg    . . .      Spirit   .   s - +3 leather armour {rPois}
rPois   +          Reflect  .   (helmet restricted)
rElec   .          Harm     .   (no cloak)
rCorr   .          Rampage  .   t - +3 pair of gauntlets of War {Slay+5}
Will    .....                   (no boots)
Stlth   ++........              (no amulet)
HPRegen 0.18/turn               l - +6 ring of strength
MPRegen 0.20/turn               (no ring)

@: no status effects
A: antennae 1, thin skeletal structure 1, icemail 1, magic regeneration,
condensation shield
a: Renounce Religion, Recall Undead Harvest


You were on level 5 of the Dungeon.
You worshipped Yredelemnul.
Yredelemnul was noncommittal.
You visited 1 branch of the dungeon, and saw 5 of its levels.

You collected 191 gold pieces.

Inventory:

Hand Weapons
 a - a +0 war axe (weapon)
Armour
 c - a +0 buckler (worn)
 s - a +3 leather armour of poison resistance (worn)
 t - the +3 pair of gauntlets of War (worn) {Slay+5}
   (You found it on level 4 of the Dungeon)

   Slay:      It affects your accuracy & damage with ranged weapons and melee
   (+5).
Jewellery
 l - a +6 ring of strength (left hand)
Wands
 d - a wand of charming (1)
Scrolls
 b - 3 scrolls of fear {unknown}
 e - a scroll of noise {unknown}
 f - a scroll of enchant weapon {unknown}
 g - 5 scrolls of identify {unknown}
 k - a scroll of holy word {unknown}
 n - 2 scrolls of amnesia {unknown}
 o - 2 scrolls of enchant armour {unknown}
 r - 2 scrolls of teleportation {unknown}
Potions
 h - a potion of invisibility {unknown}
 i - 3 potions of curing {unknown}
 j - 3 potions of haste {unknown}
 m - 2 potions of lignification {unknown}
 p - a potion of cancellation {unknown}
 q - a potion of berserk rage {unknown}


   Skills:
 + Level 4.8 Fighting
 + Level 3.9 Axes
 + Level 4.4 Armour
 + Level 3.2 Dodging
 + Level 4.4 Shields


You had 6 spell levels left.
You didn't know any spells.
Your spell library contained the following spells:

 Spells                   Type           Power      Damage    Failure   Level
 Sting                    Tmut/Pois      0%         1d3       52%         1
 Blink                    Tloc           0%         N/A       65%         2
 Poisonous Vapours        Pois/Air       0%         N/A       65%         2
 Lesser Beckoning         Tloc           0%         N/A       87%         3
 Olgreb's Toxic Radiance  Pois           0%         N/A       99%         4
 Manifold Assault         Tloc           0%         N/A       100%        5


Dungeon Overview and Level Annotations

Branches:
Dungeon (5/15)
 Temple: D:4-7

Altars:
Trog
Yredelemnul

Shops:
D:2 [


Innate Abilities, Weirdness & Mutations

You have a pair of small antennae on your head.
You have a somewhat thin skeletal structure. (Dex +2, Stealth+)
A meltable icy envelope protects you from harm. (AC +4)
You regenerate magic rapidly.
A meltable shield of frost defends you. (SH +4)


Message History

You block the water moccasin zombie's attack.
An orc priest comes into view. It is wielding a +0 flail.
Unknown command.
You barely miss something.
Your iguana zombie barely misses something.
Unknown command.
You miss something. Something hits you.
Your iguana zombie closely misses something.
An orc comes into view. It is wielding a +0 dagger.
The orc priest mumbles some strange prayers to Beogh against you.
Beogh smites you!
Something hits your iguana zombie but does no damage.
Your iguana zombie misses something.
You are too injured to fight recklessly!
Unknown command.
You are too injured to fight recklessly!
Unknown command.
You are too injured to fight recklessly!
Unknown command.
You are too injured to fight recklessly!
Unknown command.
You are too injured to fight recklessly!
You completely miss something.
Something barely misses your iguana zombie.
The orc priest looks braver for a moment.
Your iguana zombie bites something.
You miss something. Something hits you but does no damage.
Your iguana zombie bites something.
The orc priest invokes the aid of Beogh against you.
Beogh smites you!
* * * LOW HITPOINT WARNING * * *
Something hits your iguana zombie but does no damage.
You slash something!
Reactivating autopickup.
You feel a bit more experienced.
Your iguana zombie bites the orc but does no damage.
The orc priest calls down the wrath of Beogh upon you.
Beogh smites you!
You die...
Your body rises from the dead as a mindless zombie.

....###...#..####......
..#.#..................
....#..###.............
........###.##..###.##
.#>......#......## ..
.................###....
.............##.........
.............###.###....
.#...........##Z@.# .#
##............#o###
........... .o. ....o
#...... #....#. #....#.
#......


You could see an orc priest, 2 orcs and a friendly iguana zombie.

Vanquished Creatures
  Eustachio (D:4)
  Menkaure (D:4)
  A centaur (D:4)
  A phantom (D:4)
  A kobold brigand (D:3)
  A scorpion (D:5)
  A bullfrog skeleton (D:5)
  2 iguanas
  Ijyb (D:4)
  An orc wizard (D:5)
  A hound skeleton (D:5)
  Robin (D:2)
  2 adders
  2 ufetubi
  4 worms
  3 dart slugs
  3 orcs
  5 ball pythons
  2 endoplasms (D:1)
  4 giant cockroaches
  6 goblins
  10 hobgoblins
  8 jackals
  10 kobolds
  2 quokkas (D:4)
  6 bats
  2 frilled lizards (D:1)
  3 rats
85 creatures vanquished.

Vanquished Creatures (collateral kills)
  An iguana (D:4)
  2 goblins
  A jackal (D:3)
  A rat (D:3)
5 creatures vanquished.

Vanquished Creatures (others)
  A goblin zombie (D:4)
  3 hobgoblin zombies
  An orc zombie (D:3)
  A quokka zombie (D:4)
6 creatures vanquished.

Grand Total: 96 creatures vanquished

Notes
Turn   | Place    | Note
-------+----------+-------------------------------------------
     0 | D:1      | HallandMoats the Demonspawn Fighter began the quest for the
                  | Orb.
     0 | D:1      | Reached XP level 1. HP: 18/18 MP: 1/1
    31 | D:1      | Gained mutation: You have a somewhat thin skeletal
                  | structure. (Dex +2, Stealth+) [demonic ancestry]
    31 | D:1      | Reached XP level 2. HP: 16/24 MP: 2/2
   645 | D:1      | Reached XP level 3. HP: 18/29 MP: 3/3
  1297 | D:2      | Found a faded altar of an unknown god.
  1313 | D:2      | Prayed at the altar of an unknown god.
  1313 | D:2      | Became a worshipper of Yredelemnul the Dark
  1313 | D:2      | Reached * piety under Yredelemnul
  1332 | D:2      | Reached skill level 1 in Dodging
  1975 | D:2      | Found Hunets's Antique Armour Boutique.
  2103 | D:2      | Reached ** piety under Yredelemnul
  2219 | D:2      | Noticed Robin
  2234 | D:2      | Killed Robin
  2235 | D:2      | Gained mutation: A meltable shield of frost defends you.
                  | (SH +4) [demonic ancestry]
  2235 | D:2      | Reached XP level 4. HP: 29/35 MP: 4/4
  2438 | D:2      | Found a bloodstained altar of Trog.
  3023 | D:3      | Noticed a kobold brigand
  3037 | D:3      | Killed a kobold brigand
  3038 | D:3      | Gained mutation: A meltable icy envelope protects you from
                  | harm. (AC +4) [demonic ancestry]
  3038 | D:3      | Reached XP level 5. HP: 19/42 MP: 5/5
  3403 | D:4      | Noticed Ijyb
  3405 | D:4      | Noticed a phantom
  3423 | D:4      | Noticed a centaur
  3428 | D:4      | Killed Ijyb
  3428 | D:4      | Killed a phantom
  3429 | D:4      | Gained mutation: You regenerate magic rapidly. [demonic
                  | ancestry]
  3429 | D:4      | Reached XP level 6. HP: 19/48 MP: 6/6
  3433 | D:4      | HP: 1/48 [centaur/arrow (8)]
  3766 | D:4      | Noticed Menkaure
  3776 | D:4      | Killed Menkaure
  3777 | D:4      | Gained mutation: You have a pair of small antennae on your
                  | head. [demonic ancestry]
  3777 | D:4      | Reached XP level 7. HP: 5/55 MP: 7/7
  4183 | D:4      | Noticed Eustachio
  4215 | D:4      | Your ally Ijyb died
  4230 | D:4      | Killed Eustachio
  4649 | D:4      | Found the +3 pair of gauntlets of War {Slay+5}
  5016 | D:5      | Entered Level 5 of the Dungeon
  5108 | D:5      | Killed from afar by an orc priest

Illustrated notes

Levels and vault maps discovered:
D:1:      shiori_arrival_elements, layout_basic
D:2:      layout_basic, basic_altar, shapermc_ecumenical_altar_notcrosses,
          serial_shops, shop_fountains, uniq_robin
D:3:      layout_basic
D:4:      layout_cave_pods, uniq_eustachio, uniq_menkaure, uniq_ijyb
D:5:      minmay_opposing_rooms, layout_cave_pools, uniq_grinder

Skill      XL: |  1  2  3  4  5  6  7 |
---------------+----------------------+-----
Axes           | 2 3 |  3.9
Shields        | 3 4 |  4.4
Armour         | 3 4 |  4.4
Dodging        | 1 2 3 |  3.2
Fighting       | 4 |  4.8

Action                   |  1- 3 |  4- 6 |  7- 9 || total
-------------------------+-------+-------+-------++-------
Melee: War axe           |   131 |   111 |    79 ||   321
  Use: Potion            |       |     1 |       ||     1
 Stab: Sleeping          |       |     1 |     1 ||     2
       Distracted        |       |     1 |     1 ||     2
Armor: Scale mail        |    68 |    54 |    28 ||   150
       Leather armour    |       |       |    11 ||    11
Dodge: Dodged            |    63 |    58 |    48 ||   169
Block: Buckler           |    30 |    53 |    47 ||   130
